 Dungeon Sprint DCSS version 0.29-a0-323-g050149af67 (webtiles) character file.

Game seed: 3539281621292093897

101552 mhtbhm the Merfolkian Porcupine (level 15, -2/238 HPs)
             Began as a Merfolk Berserker on Apr 10, 2022.
             Was the Champion of Trog.
             Killed from afar by a black draconian knight (20 damage)
             ... with a shard of ice
             ... in the Dungeon (Sprint III: "The Ten Rune Challenge").
             The game lasted 00:19:57 (10154 turns).

mhtbhm the Merfolkian Porcupine (MfBe)             Turns: 10154, Time: 00:19:58

Health: -2/238     AC: 25    Str: 25    XL:     15   Next: 43%
Magic:  15/15      EV: 16    Int:  9    God:    Trog [******]
Gold:   480        SH:  0    Dex: 19    Spells: 14/14 levels left

rFire   . . .      SeeInvis .   H - +8 halberd of the Pit {flame, rElec}
rCold   + + .      Faith    .   (shield currently unavailable)
rNeg    . . .      Spirit   .   b - +1 plate armour of Omel {+Inv rC+ Dex-2 Slay+4}
rPois   .          Reflect  .   s - +0 hat {Will+}
rElec   +          Harm     .   j - +2 cloak
rCorr   .          Rampage  .   u - +1 pair of gloves {hurl}
Will    ++...      NoTele   +   (no boots)
Stlth   ..........              (no amulet)
HPRegen 0.49/turn               x - +6 ring of dexterity
MPRegen 0.14/turn               C - ring of protection from cold

@: berserking (expiring), very quick
A: (nimble swimmer 2), mertail, agile 1, clever 1, wild magic 1
}: 2/10 runes: decaying, barnacled
a: Renounce Religion, Evoke Invisibility, Berserk, Trog's Hand, Brothers in Arms


You were in the Dungeon.
You worshipped Trog.
Trog was exalted by your worship.
You visited 1 branch You collected 1734 gold pieces.
You spent 1254 gold pieces at shops.

Inventory:

Hand Weapons
 a - the +5 glaive of Untimely Demise {vorpal, Will+}
   (Trog gifted it to you in the Dungeon)

   It inflicts extra damage upon your enemies.
   Will:      It increases your willpower.
 q - a +5 bardiche
 w - a +4 vampiric bardiche
 H - the +8 halberd of the Pit (weapon) {flame, rElec}
   (Trog gifted it to you in the Dungeon)

   It burns those it strikes, dealing additional fire damage.
   Big, fiery blades are also staple armaments of hydra-hunters.
   rElec:     It insulates you from electricity.
Missiles
 t - 7 curare-tipped darts (quivered)
Armour
 b - the +1 plate armour of Omel (worn) {+Inv rC+ Dex-2 Slay+4}
   (You bought it in a shop in the Dungeon)

   Dex:       It affects your dexterity (-2).
   Slay:      It affects your accuracy & damage with ranged weapons and melee
   (+4).
   rC:        It protects you from cold.
   +Inv:      It lets you turn invisible.
 h - a +1 tower shield of reflection
 j - a +2 cloak (worn)
 s - a +0 hat of willpower (worn)
 u - a +1 pair of gloves of hurling (worn)
Jewellery
 x - a +6 ring of dexterity (left hand)
 B - a +6 ring of intelligence
 C - a ring of protection from cold (right hand)
 E - a ring of ice
Wands
 k - a wand of charming (14)
 v - a wand of mindburst (21)
Scrolls
 l - 2 scrolls of torment
 m - 2 scrolls of identify
 n - a scroll of immolation
 o - 2 scrolls of magic mapping {unknown}
 A - a scroll of enchant armour {unknown}
 D - 3 scrolls of blinking
 F - a scroll of silence {unknown}
 G - 2 scrolls of acquirement
Potions
 c - 4 potions of curing
 d - 5 potions of heal wounds
 e - 5 potions of haste
 f - 2 potions of magic
 g - 2 potions of berserk rage
 i - a potion of flight
 p - 2 potions of might
 z - a potion of attraction {unknown}
Miscellaneous
 r - a tin of tremorstones (2/2)
 y - a lightning rod (4/4)


   Skills:
 O Level 27 Fighting
 O Level 27 Polearms
 + Level 17.8 Armour
 + Level 15.5 Dodging
 + Level 18.1 Stealth
 + Level 2.3 Evocations


You had 14 spell levels left.
You didn't know any spells.
Your spell library was empty.

Dungeon Overview and Level Annotations

Branches:
Dungeon (1/1)

Altars:
Cheibriados
Dithmenos
Elyvilon
Fedhas
Gozag
Hepliaklqana
Kikubaaqudgha
Makhleb
Nemelex Xobeh
Okawaru
Qazlal
Ru
Sif Muna
Trog
Uskayaw
Vehumet
Wu Jian
Xom
Yredelemnul
Zin
The Shining One
Beogh
Jiyva
Lugonu

Shops:
D !(=[[!:[![[![=[!?(=!:*[


Innate Abilities, Weirdness & Mutations

((You are very nimble when in or above water. (Stealth+, EV+, Speed+++)))
Your lower body shifts to a powerful aquatic tail in water.
You are agile. (Dex +2)
Your mind is acute. (Int +2)
Your spells are a little harder to cast, but a little more powerful.


Message History

The black draconian knight is severely wounded.
The black draconian knight gestures wildly while chanting.
The black draconian knight flickers and vanishes!
Unknown command.
You miss something. The black draconian knight misses you.
A bolt of lightning appears from out of thin air!
The bolt of lightning hits you. You resist.
You barely miss something.
Unknown command.
You impale the black draconian knight!!
The black draconian knight is almost dead.
You hear some strange, mumbled words.
A bolt of cold appears from out of thin air!
The bolt of cold hits you. You resist.
The black draconian knight breathes lightning at you.
The bolt of lightning misses you.
The black draconian knight blocks your attack.
The black draconian knight is almost dead.
Something hits you but does no damage.
Unknown command.
You slice something!! You burn something.
The black draconian knight gestures at you while chanting.
The bolt of cold misses you.
Unknown command.
You slice something!! You burn something! Something hits you!
* * * LOW HITPOINT WARNING * * *
x2 You slash something!
You burn something. Something barely misses you.
The black draconian knight hits you with a +3 vorpal long sword!
* * * LOW HITPOINT WARNING * * *
x2 You puncture something!
You burn something! Something hits you!
* * * LOW HITPOINT WARNING * * *
x2 Unknown command.
You hit something. You burn something.
The black draconian knight hits you with a +3 vorpal long sword!
* * * LOW HITPOINT WARNING * * *
x2 Unknown command.
You hear some strange, mumbled words.
A shard of ice appears from out of thin air!
The shard of ice hits you!! You partially resist.
You die...

####++####.#.# ##+##
#(['.....#'#####
########.#..'∩∩# #...
##.####∩∩#
#...###...###..#
+...')..:.).'..+
#...###...###..# #...
##.##∩#..# ####
#@#..#..####+##### ....
#'#'##..#.#†#.#.#. .q..q
#q{..'..'#.#.#†#.#
...e..#{####..#.#.#.#.#.
..o.{.'{# #######▓▓▓▓▓▓
......### .###.. #^#.
###.


You could see a black draconian knight (catching breath).

Vanquished Creatures
  Sojobo (D)
  Boris (D)
  Sigmund (D)
  2 liches (D)
  Rupert (D)
  A kraken (D)
  Gastronok (D)
  2 shadow dragons (D)
  Roxanne (D)
  Chuck (D)
  4 azure jellies (D)
  Azrael (D)
  2 dire elephants (D)
  2 yaktaur captains (D)
  A fire dragon (D)
  2 hell beasts (D)
  Erolcha (D)
  An ogre mage (D)
  3 hydras (D)
  2 two-headed ogres (shapeshifter) (D)
  2 centaur warriors (D)
  2 alligator snapping turtles (D)
  4 dancing weapons (D)
  Urug (D)
  4 death yaks (D)
  A titan zombie (D)
  2 sun demons (D)
  4 hell knights (D)
  2 soul eaters (D)
  A deep elf knight (D)
  A skeletal warrior (D)
  3 death drakes (D)
  A spectral hydra (D)
  A lindwurm (D)
  An obsidian statue (D)
  An orange crystal statue (D)
  A deep elf zephyrmancer (D)
  3 orc knights (D)
  4 deep elf pyromancers (D)
  2 orc sorcerers (D)
  4 crystal guardians (D)
  2 oklob plants (D)
  An ugly thing (D)
  A manticore (shapeshifter) (D)
  A faun (shapeshifter) (D)
  A shining eye (shapeshifter) (D)
  2 black mambas (D)
  2 elephants (D)
  4 statues (D)
  2 cane toads (D)
  Edmund (D)
  A rime drake (D)
  3 yaktaurs (D)
  2 anaconda simulacra (D)
  A komodo dragon (D)
  2 ice devils (D)
  3 wandering mushrooms (D)
  A queen bee (D)
  4 spriggan defenders (D)
  A wind drake (shapeshifter) (D)
  2 tyrant leeches (D)
  3 hornets (D)
  An orc high priest (D)
  8 blink frogs (D)
  7 slime creatures (D)
  4 snapping turtles (D)
  A shadow (D)
  5 redbacks (D)
  A swamp worm (shapeshifter) (D)
  A spatial vortex (D)
  3 iron troll simulacra (D)
  3 hydra simulacra (D)
  An orc warrior (D)
  A swamp drake (D)
  A fire dragon simulacrum (D)
  3 swamp dragon skeletons (D)
  5 two-headed ogres (D)
  A necrophage (D)
  A water elemental (D)
  32 killer bees (D)
  An electric eel (D)
  A jelly (D)
  Crazy Yiuf (D)
  6 orc priests (D)
  Jessica (D)
  A wizard (D)
  2 orc wizards (D)
  2 necromancers (D)
  A polar bear simulacrum (D)
  A wolf simulacrum (D)
  3 humans (D)
  A kobold demonologist (D)
  5 orcs (D)
  An endoplasm (D)
  2 rats (D)
  3 bushes (D)
  3 plants (D)
  3 tentacles (D)
233 creatures vanquished.

Vanquished Creatures (collateral kills)
  An iron golem (D)
1 creature vanquished.

Vanquished Creatures (others)
  2 orc wizards (D)
  A bush (D)
  16 plants (D)
  5 tentacles (D)
24 creatures vanquished.

Grand Total: 258 creatures vanquished

Notes
Turn   | Place    | Note
-------+----------+-------------------------------------------
     0 | D        | mhtbhm the Merfolk Berserker began the quest for the Orb.
     0 | D        | Reached XP level 1. HP: 18/18 MP: 1/1
    30 | D        | Reached ** piety under Trog
    41 | D        | Noticed Jessica
    44 | D        | Killed Jessica
    45 | D        | Reached skill level 5 in Fighting
    45 | D        | Reached XP level 2. HP: 24/27 MP: 2/2
    45 | D        | Reached XP level 3. HP: 30/33 MP: 3/3
   170 | D        | Noticed Crazy Yiuf
   174 | D        | Killed Crazy Yiuf
   175 | D        | Reached skill level 1 in Stealth
   175 | D        | Reached XP level 4. HP: 40/40 MP: 4/4
   203 | D        | Gained mutation: Your flesh is cold resistant. (rC+)
                  | [potion of mutation]
   203 | D        | Gained mutation: You are weak. (Str -2) [potion of
                  | mutation]
   203 | D        | Gained mutation: You are robust. (+10% HP) [potion of
                  | mutation]
   224 | D        | Lost mutation: You are weak. (Str -2) [potion of mutation]
   224 | D        | Lost mutation: Your flesh is cold resistant. (rC+) [potion
                  | of mutation]
   224 | D        | Lost mutation: You are robust. (+10% HP) [potion of
                  | mutation]
   224 | D        | Gained mutation: You are agile. (Dex +2) [potion of
                  | mutation]
   224 | D        | Gained mutation: You are somewhat resistant to further
                  | mutation. [potion of mutation]
   225 | D        | Lost mutation: You are agile. (Dex +2) [potion of mutation]
   225 | D        | Lost mutation: You are somewhat resistant to further
                  | mutation. [potion of mutation]
   225 | D        | Gained mutation: You are robust. (+10% HP) [potion of
                  | mutation]
   225 | D        | Gained mutation: Armour fits poorly on your strangely
                  | shaped body. [potion of mutation]
   226 | D        | Lost mutation: You are robust. (+10% HP) [potion of
                  | mutation]
   226 | D        | Lost mutation: Armour fits poorly on your strangely shaped
                  | body. [potion of mutation]
   226 | D        | Gained mutation: Your body sometimes deteriorates upon
                  | taking damage. [potion of mutation]
   226 | D        | Gained mutation: You are resistant to electric shocks.
                  | (rElec) [potion of mutation]
   226 | D        | Gained mutation: Your spells are a little harder to cast,
                  | but a little more powerful. [potion of mutation]
   226 | D        | Gained mutation: Your mind is acute. (Int +2) [potion of
                  | mutation]
   227 | D        | Lost mutation: Your mind is acute. (Int +2) [potion of
                  | mutation]
   227 | D        | Lost mutation: You are resistant to electric shocks.
                  | (rElec) [potion of mutation]
   227 | D        | Lost mutation: Your body sometimes deteriorates upon taking
                  | damage. [potion of mutation]
   227 | D        | Gained mutation: You are agile. (Dex +2) [potion of
                  | mutation]
   227 | D        | Gained mutation: Your mind is acute. (Int +2) [potion of
                  | mutation]
   229 | D        | Noticed a water elemental
   234 | D        | Killed a water elemental
   234 | D        | Reached *** piety under Trog
   235 | D        | Reached XP level 5. HP: 48/48 MP: 5/5
   273 | D        | Found a basalt altar of Yredelemnul.
   273 | D        | Found a shadowy altar of Dithmenos.
   273 | D        | Found a sacrificial altar of Ru.
   280 | D        | Reached skill level 5 in Dodging
   285 | D        | Reached skill level 10 in Polearms
   433 | D        | Found a glowing silver altar of Zin.
   433 | D        | Found a glowing golden altar of the Shining One.
   433 | D        | Found a white marble altar of Elyvilon.
   434 | D        | Noticed a deep elf pyromancer
   444 | D        | Noticed a fire elemental
   444 | D        | Killed a deep elf pyromancer
   444 | D        | Reached **** piety under Trog
   445 | D        | Reached skill level 10 in Fighting
   445 | D        | Reached XP level 6. HP: 61/61 MP: 6/6
   445 | D        | Reached XP level 7. HP: 67/67 MP: 7/7
   541 | D        | Found a hide-covered altar of Uskayaw.
   541 | D        | Found an iron altar of Okawaru.
   541 | D        | Found a bloodstained altar of Trog.
   541 | D        | Found an ornate altar of the Wu Jian Council.
   541 | D        | Noticed a human
   545 | D        | Noticed a human
   547 | D        | Killed a human
   548 | D        | Reached skill level 5 in Stealth
   552 | D        | Killed a human
   553 | D        | Reached XP level 8. HP: 75/75 MP: 8/8
   629 | D        | Found a radiant altar of Vehumet.
   629 | D        | Found a shimmering blue altar of Sif Muna.
   629 | D        | Found an ancient bone altar of Kikubaaqudgha.
   634 | D        | Reached ***** piety under Trog
   708 | D        | Noticed a shadow
   734 | D        | Killed a shadow
   735 | D        | Reached skill level 15 in Polearms
   899 | D        | Found a blossoming altar of Fedhas.
   899 | D        | Found a stormy altar of Qazlal.
   899 | D        | Found a snail-covered altar of Cheibriados.
   899 | D        | Found a burning altar of Makhleb.
   899 | D        | Found a shimmering altar of Xom.
   900 | D        | Found a hazy altar of Hepliaklqana.
   900 | D        | Found an opulent altar of Gozag.
   900 | D        | Found a sparkling altar of Nemelex Xobeh.
   900 | D        | Found a corrupted altar of Lugonu.
   900 | D        | Found a viscous altar of Jiyva.
  1086 | D        | Noticed a two-headed ogre
  1105 | D        | Killed a two-headed ogre
  1106 | D        | Reached XP level 9. HP: 58/84 MP: 9/9
  1216 | D        | Noticed a two-headed ogre
  1216 | D        | Noticed Erolcha
  1223 | D        | Killed Erolcha
  1223 | D        | Received a gift from Trog
  1224 | D        | Reached skill level 5 in Armour
  1236 | D        | Killed a two-headed ogre
  1471 | D        | Noticed a wandering mushroom
  1476 | D        | Noticed a wandering mushroom
  1479 | D        | Killed a wandering mushroom
  1480 | D        | Noticed a wandering mushroom
  1486 | D        | Killed a wandering mushroom
  1487 | D        | Reached XP level 10. HP: 62/94 MP: 10/10
  1492 | D        | Received a gift from Trog
  1621 | D        | Noticed a cane toad
  1621 | D        | Noticed a cane toad
  1628 | D        | Killed a cane toad
  1632 | D        | Killed a cane toad
  1633 | D        | Reached skill level 10 in Stealth
  1946 | D        | Reached skill level 15 in Fighting
  1946 | D        | Reached skill level 10 in Dodging
  2029 | D        | Received a gift from Trog
  2450 | D        | Noticed a lindwurm
  2455 | D        | Killed a lindwurm
  2621 | D        | Noticed Urug
  2624 | D        | Killed Urug
  2624 | D        | Reached ****** piety under Trog
  2625 | D        | Reached XP level 11. HP: 88/104 MP: 11/11
  2684 | D        | Noticed a four-headed hydra
  2684 | D        | Noticed a five-headed hydra
  2692 | D        | Killed a three-headed hydra
  2696 | D        | Killed a one-headed hydra
  2774 | D        | Noticed a death drake
  2777 | D        | Killed a death drake
  2777 | D        | Received a gift from Trog
  2791 | D        | Noticed a kraken
  2817 | D        | Killed a kraken
  3038 | D        | Noticed an alligator snapping turtle
  3039 | D        | Found Laobovat's Distillery.
  3039 | D        | Found Cipt's Antique Armour Emporium.
  3039 | D        | Found Hoytuaf's Book Boutique.
  3039 | D        | Noticed an alligator snapping turtle
  3055 | D        | Killed an alligator snapping turtle
  3062 | D        | Killed an alligator snapping turtle
  3123 | D        | Got a barnacled rune of Zot
  3464 | D        | Received a gift from Trog
  3588 | D        | Noticed Rupert
  3596 | D        | Killed Rupert
  3597 | D        | Reached XP level 12. HP: 116/116 MP: 12/12
  3661 | D        | Noticed a dire elephant
  3661 | D        | Noticed a dire elephant
  3661 | D        | Noticed Gastronok
  3682 | D        | Killed a dire elephant
  3687 | D        | Killed a dire elephant
  3700 | D        | Killed Gastronok
  4048 | D        | Found Appegege's Antique Armour Emporium.
  4052 | D        | Received a gift from Trog
  4059 | D        | Noticed a sun demon
  4072 | D        | Reached skill level 10 in Armour
  4082 | D        | Received a gift from Trog
  4092 | D        | Identified the +8 halberd of the Pit {flame, rElec} (Trog
                  | gifted it to you in the Dungeon)
  4092 | D        | Received a gift from Trog
  4385 | D        | Noticed a deep elf knight
  4401 | D        | Received a gift from Trog
  4408 | D        | Killed a deep elf knight
  4503 | D        | Received a gift from Trog
  4505 | D        | Received a gift from Trog
  4505 | D        | Received a gift from Trog
  4529 | D        | Reached XP level 13. HP: 129/129 MP: 13/13
  4535 | D        | Identified the +5 trident of Wiutaof {flame, +Blink rC+
                  | Dex+4} (Trog gifted it to you in the Dungeon)
  4535 | D        | Received a gift from Trog
  4647 | D        | Noticed Edmund
  4648 | D        | Noticed Sigmund
  4656 | D        | Killed Sigmund
  4657 | D        | Reached skill level 1 in Evocations
  4661 | D        | Killed Edmund
  5033 | D        | Found Equax's Antique Weapon Emporium.
  5033 | D        | Found Riwk's Distillery.
  5033 | D        | Found Pirutony's Armour Shoppe.
  5033 | D        | Found Daef's Magic Scroll Boutique.
  5033 | D        | Found Gafefug's Jewellery Emporium.
  5033 | D        | Found Nurafov's General Store.
  5033 | D        | Found Buenara's Book Boutique.
  5034 | D        | Found Naotzoal's Distillery.
  5034 | D        | Found Guinuiroesh's Antique Armour Shoppe.
  5034 | D        | Found Waepnoyl's Jewellery Shop.
  5034 | D        | Found Plog's Antique Armour Emporium.
  5065 | D        | Bought a potion of heal wounds for 55 gold pieces
  5065 | D        | Bought a potion of haste for 110 gold pieces
  5068 | D        | Bought a pair of glowing gloves for 127 gold pieces
  5083 | D        | Bought a topaz-studded plate armour for 728 gold pieces
  5083 | D        | Identified the +1 plate armour of Omel {+Inv rC+ Dex-2
                  | Slay+4} (You bought it in a shop in the Dungeon)
  5106 | D        | Received a gift from Trog
  5294 | D        | Received a gift from Trog
  5344 | D        | Noticed a fire dragon
  5363 | D        | Killed a fire dragon
  5641 | D        | Received a gift from Trog
  5725 | D        | Noticed a yaktaur captain
  5755 | D        | Killed a yaktaur captain
  5759 | D        | Received a gift from Trog
  5831 | D        | Noticed Chuck
  5856 | D        | Killed Chuck
  5856 | D        | Received a gift from Trog
  6075 | D        | Reached skill level 27 in Polearms
  6075 | D        | Noticed an iron golem
  6105 | D        | Killed an iron golem
  6106 | D        | Reached XP level 14. HP: 42/144 MP: 14/14
  6418 | D        | Received a gift from Trog
  6426 | D        | Received a gift from Trog
  6548 | D        | Noticed a lich
  6556 | D        | Killed a lich
  6738 | D        | Noticed Sojobo
  6755 | D        | Killed Sojobo
  6820 | D        | Received a gift from Trog
  6831 | D        | Noticed a lich
  6833 | D        | Killed a lich
  6845 | D        | Noticed a shadow dragon
  6849 | D        | Noticed a shadow dragon
  6854 | D        | Killed a shadow dragon
  6855 | D        | Reached skill level 15 in Dodging
  6865 | D        | Killed a shadow dragon
  7152 | D        | Received a gift from Trog
  7501 | D        | Identified the +0 chain mail "Ficyeta" {Regen+}
  7755 | D        | Noticed an azure jelly
  7755 | D        | Noticed an azure jelly
  7755 | D        | Noticed an azure jelly
  7755 | D        | Noticed an azure jelly
  7764 | D        | Killed an azure jelly
  7764 | D        | Received a gift from Trog
  7768 | D        | Killed an azure jelly
  7771 | D        | Killed an azure jelly
  7774 | D        | Killed an azure jelly
  7878 | D        | Received a gift from Trog
  7879 | D        | Reached skill level 15 in Stealth
  7894 | D        | Reached skill level 27 in Fighting
  8035 | D        | Received a gift from Trog
  8043 | D        | Found Qifighut's Distillery.
  8043 | D        | Found Sofam's Antique Weapon Boutique.
  8055 | D        | Found Jayjyu's Jewellery Emporium.
  8062 | D        | Bought a potion of curing for 39 gold pieces
  8062 | D        | Bought a potion of haste for 130 gold pieces
  8062 | D        | Bought a potion of heal wounds for 65 gold pieces
  8326 | D        | Reached skill level 15 in Armour
  8420 | D        | Got a decaying rune of Zot
  8824 | D        | Reached XP level 15. HP: 59/159 MP: 15/15
  9065 | D        | Noticed Azrael
  9070 | D        | Killed Azrael
  9222 | D        | Received a gift from Trog
  9328 | D        | Noticed Boris
  9336 | D        | Identified the +5 glaive of Untimely Demise {vorpal, Will+}
                  | (Trog gifted it to you in the Dungeon)
  9336 | D        | Received a gift from Trog
  9346 | D        | Killed Boris
  9520 | D        | Found Qoeshroe's Distillery.
  9520 | D        | Found Hiehuehy's Armour Shop.
  9520 | D        | Found Teifudur's Armour Shop.
  9520 | D        | Found Yhic's Distillery.
  9588 | D        | Identified Roxanne's Compendium of Stones
  9588 | D        | Noticed Roxanne
  9600 | D        | Killed Roxanne
  9600 | D        | Received a gift from Trog
  9732 | D        | Found Tiohuti's Armour Boutique.
  9980 | D        | Received a gift from Trog
 10126 | D        | Noticed a black draconian knight
 10126 | D        | Noticed a black draconian knight
 10154 | D        | Killed from afar by a black draconian knight

Illustrated notes

Levels and vault maps discovered:
D:        dungeon_sprint_mu [sprint_mu_entry_cave, sprint_mu_temple_rooms,
          sprint_mu_d1_spiders, sprint_mu_d2_genie, sprint_mu_d3_branching,
          sprint_mu_orc_legion, sprint_mu_elf_gauntlet, sprint_mu_hive_nellie,
          sprint_mu_lair_fedhas, sprint_mu_vaults_butterflies,
          sprint_mu_slime_circle, sprint_mu_swamp_cave, sprint_mu_shoals_kraken,
          sprint_mu_blade_basic, sprint_mu_crypt_fortress,
          sprint_mu_tomb_spiral, sprint_mu_vestibule_basic,
          sprint_mu_gehenna_hellfire, sprint_mu_dis_giant,
          sprint_mu_tartarus_statrot, sprint_mu_cocytus_islands, sprint_mu_zot1]

Skill      XL: |  1  2  3  4  5  6  7  8  9 10 11 12 13 14 15 |
---------------+----------------------------------------------+-----
Fighting       | 5 7 10 11 12 14 15 18 20 23 27 | 27.0
Polearms       | 6 7 9 13 14 16 17 20 22 24 27 | 27.0
Armour         | 2 3 4 5 7 9 10 11 15 17 | 17.8
Dodging        | 3 4 7 8 9 10 11 12 14 15 | 15.5
Stealth        | 1 2 4 5 7 9 10 13 14 16 18 | 18.1
Evocations     | 2 |  2.3

Action                   |  1- 3 |  4- 6 |  7- 9 | 10-12 | 13-15 || total
-------------------------+-------+-------+-------+-------+-------++-------
Melee: Spear             |     9 |    31 |   101 |       |       ||   141
       Punch             |       |       |     2 |       |       ||     2
       Glaive            |       |       |     9 |   210 |    81 ||   300
       Tailslap          |       |       |       |    17 |    12 ||    29
       Halberd           |       |       |       |    37 |   348 ||   385
       Bardiche          |       |       |       |       |    52 ||    52
Invok: Berserk           |     2 |     3 |     4 |     9 |    19 ||    37
       Brothers in Arms  |       |       |       |       |     1 ||     1
Evoke: Tin of tremorston |       |       |       |     2 |       ||     2
  Use: Potion            |       |     5 |       |       |     4 ||     9
       Scroll            |       |       |       |       |     4 ||     4
 Stab: Sleeping          |     2 |       |     3 |     7 |     8 ||    20
       Distracted        |       |       |       |     1 |     1 ||     2
Armor: Ring mail         |       |       |     9 |     5 |       ||    14
       Scale mail        |       |       |       |    26 |     5 ||    31
       Plate armour      |       |       |       |       |   126 ||   126
Dodge: Dodged            |     1 |     6 |    22 |   105 |   204 ||   338

Table legend: (Time is in decaauts) A = Elapsed time spent in this place. B = Non-inter-level travel time spent in this place. C = Inter-level travel time spent in this place. D = Time resting spent in this place. E = Time spent auto-exploring this place. F = Levels seen in this place. G = Mean time per level. A B C D E F G +--------+--------+--------+--------+--------+-----+--------+ Total | 10107 | 10017 | 90 | 7270 | 274 | 1 | 10107.0 | Dungeon | 10107 | 10017 | 90 | 7270 | 274 | 1 | 10107.0 | +--------+--------+--------+--------+--------+-----+--------+

Top non-repeatable levels by time:
       D: 10107 daAuts
